 Dungeon Crawl Stone Soup version 0.22.1-2-g9c5b331383 (webtiles) character file.

4441 Peloso the Carver (level 10, -2/88 HPs)
             Began as a Minotaur Fighter on Dec 12, 2018.
             Killed from afar by an electric eel (6 damage)
             ... with a bolt of electricity
             ... in a bailey.
             The game lasted 00:18:32 (6091 turns).

Peloso the Carver (Minotaur Fighter)                Turns: 6091, Time: 00:18:32

Health: -2/88      AC: 14    Str: 22    XL:     10   Next: 15%
Magic:  18/18      EV:  7    Int:  5    God:
Gold:   102        SH: 13    Dex: 12    Spells: 9/9 levels left

rFire    . . .     SeeInvis .   a - +1 long sword
rCold    . . .     Gourm    .   c - +1 shield
rNeg     . . .     Faith    .   E - +0 plate armour
rPois    +         Spirit   .   (helmet restricted)
rElec    .         Reflect  .   o - +0 cloak
rCorr    .         Harm     .   (no gloves)
MR       +....                  (no boots)
Stlth    ..........             A - amulet "Tewiuzam" {+Rage rPois MR+}
HPRegen  0.24/turn              v - ring of stealth
MPRegen  0.16/turn              F - ring of magical power

@: no status effects
A: retaliatory headbutt, horns 2
a: Evoke Berserk Rage


You were in a bailey.
You were not hungry.

You visited 1 branch of the dungeon, and saw 7 of its levels.
You also visited: Sewer and Bailey.

You collected 229 gold pieces.
You spent 127 gold pieces at shops.

Inventory:

Hand Weapons
 a - a +1 long sword (weapon)
Armour
 b - a +0 scale mail
 c - a +1 shield (worn)
 o - a +0 cloak (worn)
 x - a +0 chain mail
 E - a +0 plate armour (worn)
Jewellery
 v - a ring of stealth (left hand)
 A - the amulet "Tewiuzam" (around neck) {+Rage rPois MR+}
   (You found it on level 5 of the Dungeon)

   [amulet of rage]

   It protects you from poison.
   It affects your resistance to hostile enchantments.
   It lets you go berserk.
 C - an uncursed amulet of harm
 F - a ring of magical power (right hand)
Wands
 g - a wand of iceblast (8)
 D - a wand of disintegration (14)
Scrolls
 e - 2 scrolls of teleportation
 h - 2 scrolls of fog
 i - 3 scrolls of blinking
 k - 3 scrolls of remove curse
 w - a scroll of enchant weapon
 y - 2 scrolls of noise
Potions
 d - a potion of brilliance
 j - 4 potions of curing
 l - a potion of haste
 m - 2 potions of heal wounds
 n - a potion of flight
 p - a potion of lignification {unknown}
 q - 6 potions of magic
 r - a potion of cancellation {unknown}
 s - a potion of agility {unknown}
 t - 2 potions of might
Comestibles
 f - 12 rations
 B - 13 chunks of flesh


   Skills:
 + Level 7.8 Fighting
 + Level 11.1 Long Blades
 + Level 8.0 Armour
 + Level 3.7 Dodging
 + Level 1.5 Stealth
 + Level 9.2 Shields
 + Level 0.5 Evocations


You had 9 spell levels left.
You didn't know any spells.
Your spell library was empty.

Dungeon Overview and Level Annotations

Branches:
Dungeon (7/15)             Temple (0/1) D:5

Altars:
Ashenzari
Gozag
Trog

Shops:
D:5 ?*?


Innate Abilities, Weirdness & Mutations

You reflexively headbutt those who attack you in melee.
You have a pair of horns on your head.


Message History

Items here: ))) [[[
Okay, then.
Things that are here:
a hand axe; a leather armour; a gnoll corpse
Okay, then.
Items here: ))) [[[
Things that are here:
a hand axe; a leather armour; a gnoll corpse You butcher the gnoll corpse.
B - 13 chunks of flesh (gained 3)
Things that are here:
a hand axe; a leather armour; a gnoll skeleton You start resting.
An electric eel comes into view.
The electric eel shoots out a bolt of lightning at you!
The bolt of electricity hits you!
* * * LOW HITPOINT WARNING * * *
The electric eel shoots out a bolt of lightning at you!
The bolt of electricity hits you!
You die...

## #≈≈≈≈≈# #.
#≈≈≈≈≈# #.
#≈≈≈≈≈######.
#≈≈≈≈≈≈.#....
######.;≈≈≈≈.#....
#......≈≈≈≈≈.#'o##
###......≈≈≈≈≈.#....
#..@.....).....'....
#∩.)∩....).....'..⌠.
#........).....'....
###......≈≈≈≈≈.#....
#......≈≈≈≈≈.#++##
######.≈≈≈≈≈.#
#≈≈≈≈≈≈.# #≈≈≈≈≈###
#≈≈≈≈≈#


You could see an electric eel.

Vanquished Creatures
  2 orc knights (Bailey)
  2 kobold demonologists (Bailey)
  A troll (D:7)
  Sigmund (D:3)
  Eustachio (D:6)
  Menkaure (D:6)
  2 orc warriors
  A sky beast (D:6)
  2 black bears (D:6)
  2 phantoms (D:7)
  3 centaurs
  A big kobold (D:7)
  6 bullfrogs
  2 scorpions
  A howler monkey (D:4)
  3 crimson imps
  A quasit (D:5)
  A jelly (D:7)
  An orc priest (D:6)
  4 bullfrog skeletons
  A hound (D:5)
  Crazy Yiuf (D:2)
  A bullfrog zombie (D:7)
  2 iguanas (D:7)
  Jessica (D:2)
  Ijyb (D:3)
  A centaur skeleton (D:7)
  2 worker ants
  A worker ant zombie (D:6)
  8 adders
  7 gnolls
  5 river rats (Sewer)
  An ooze (D:3)
  An adder zombie (D:7)
  6 worms
  7 dart slugs
  4 leopard geckos
  27 orcs
  7 bats
  2 giant cockroaches (D:4)
  9 goblins
  9 hobgoblins
  2 quokkas (D:3)
  16 ball pythons
  7 frilled lizards
  A jackal skeleton (D:4)
  11 kobolds
  27 rats
206 creatures vanquished.

Notes
Turn   | Place    | Note
-------+----------+-------------------------------------------
     0 | D:1      | Peloso the Minotaur Fighter began the quest for the Orb.
     0 | D:1      | Reached XP level 1. HP: 19/19 MP: 0/0
   168 | D:1      | Reached XP level 2. HP: 22/27 MP: 1/1
   566 | D:2      | Reached XP level 3. HP: 33/33 MP: 2/2
   606 | D:2      | Found an opulent altar of Gozag.
   606 | D:2      | Found a shattered altar of Ashenzari.
   841 | D:2      | Found a runed door.
   888 | D:2      | Noticed a centaur
   901 | D:2      | Killed a centaur
   901 | D:2      | Reached skill level 3 in Long Blades
   901 | D:2      | Reached XP level 4. HP: 8/41 MP: 3/3
  1196 | D:2      | Reached skill level 1 in Dodging
  1196 | D:2      | Reached XP level 5. HP: 47/47 MP: 4/4
  1212 | D:2      | Noticed Jessica
  1215 | D:2      | Killed Jessica
  1649 | D:2      | Noticed Crazy Yiuf
  1654 | D:2      | Killed Crazy Yiuf
  1654 | D:2      | Reached skill level 4 in Long Blades
  1735 | D:3      | Found a glowing drain.
  1753 | Sewer    | Entered a sewer
  1904 | Sewer    | Got a wizard robe
  1915 | Sewer    | Identified the +2 robe "Uled" {*Drain +Fly rF+ Dex+4} (You
                  | found it in a sewer)
  1948 | Sewer    | Reached XP level 6. HP: 31/55 MP: 5/5
  2298 | Sewer    | Reached skill level 5 in Long Blades
  2300 | Sewer    | Reached skill level 5 in Shields
  2303 | Sewer    | Reached skill level 5 in Fighting
  2657 | D:3      | Noticed Sigmund
  2692 | D:3      | Killed Sigmund
  2692 | D:3      | Reached XP level 7. HP: 54/61 MP: 6/6
  2745 | D:3      | Reached skill level 6 in Long Blades
  3228 | D:3      | Noticed Ijyb
  3245 | D:3      | Killed Ijyb
  4110 | D:5      | Entered Level 5 of the Dungeon
  4120 | D:5      | Reached skill level 5 in Armour
  4206 | D:5      | Found Arakeh's Magic Scroll Shop.
  4211 | D:5      | Bought a scroll of noise for 15 gold pieces
  4211 | D:5      | Bought a scroll of blinking for 112 gold pieces
  4231 | D:5      | Got a coiled bone amulet
  4246 | D:5      | Identified the amulet "Tewiuzam" {+Rage rPois MR+} (You
                  | found it on level 5 of the Dungeon)
  4326 | D:5      | Found a staircase to the Ecumenical Temple.
  4423 | D:5      | Reached skill level 1 in Stealth
  4423 | D:5      | Reached XP level 8. HP: 66/69 MP: 7/7
  4434 | D:5      | Found Ottij's General Store.
  4608 | D:5      | Reached skill level 7 in Long Blades
  4719 | D:5      | Found Uruops's Magic Scroll Shoppe.
  4809 | D:6      | Noticed Menkaure
  4815 | D:6      | Killed Menkaure
  5163 | D:6      | Reached skill level 8 in Long Blades
  5191 | D:6      | Found a bloodstained altar of Trog.
  5256 | D:6      | Noticed Eustachio
  5276 | D:6      | Killed Eustachio
  5328 | D:6      | Reached XP level 9. HP: 68/75 MP: 8/8
  5471 | D:6      | Reached skill level 9 in Long Blades
  5671 | D:7      | Noticed a troll
  5679 | D:7      | Killed a troll
  5839 | D:7      | Found a flagged portal.
  5870 | Bailey   | Entered a bailey
  5948 | Bailey   | Found an iron altar of Okawaru.
  5948 | Bailey   | Noticed an orc knight
  5948 | Bailey   | Noticed a kobold demonologist
  5948 | Bailey   | Noticed a kobold demonologist
  5948 | Bailey   | Noticed an orc knight
  5961 | Bailey   | Noticed a hellwing
  5965 | Bailey   | Killed an orc knight
  5965 | Bailey   | Reached skill level 10 in Long Blades
  5973 | Bailey   | Killed a kobold demonologist
  5974 | Bailey   | Killed a kobold demonologist
  5974 | Bailey   | Reached XP level 10. HP: 33/86 MP: 9/9
  6064 | Bailey   | Killed an orc knight
  6064 | Bailey   | Reached skill level 11 in Long Blades
  6089 | Bailey   | HP: 4/88 [electric eel/bolt of electricity (16)]
  6091 | Bailey   | Killed from afar by an electric eel

Skill      XL: |  1  2  3  4  5  6  7  8  9 10 |
---------------+-------------------------------+-----
Fighting       | 4 5 6 7 |  7.8
Shields        | 4 5 6 7 9 |  9.2
Armour         | 4 5 6 7 8 |  8.0
Long Blades    | 3 4 5 6 8 10 11 | 11.1
Dodging        | 1 2 3 |  3.7
Stealth        | 1 |  1.5
Evocations     | |  0.5

Action                   |  1- 3 |  4- 6 |  7- 9 | 10-12 || total
-------------------------+-------+-------+-------+-------++-------
Melee: Long sword        |    87 |   110 |   394 |    22 ||   613
       Headbutt          |    15 |    25 |    75 |     5 ||   120
 Abil: Evoke Berserk Rag |       |       |     1 |       ||     1
  Use: Scroll            |       |     6 |     8 |       ||    14
       Potion            |       |     3 |     2 |       ||     5
  Eat: Chunk             |       |     6 |    12 |       ||    18
Armor: Scale mail        |    48 |    23 |    26 |       ||    97
       Robe              |       |    34 |       |       ||    34
       Skin              |       |     2 |       |       ||     2
       Chain mail        |       |       |    74 |       ||    74
       Plate armour      |       |       |   101 |     2 ||   103
Dodge: Dodged            |    21 |    68 |   106 |     4 ||   199
Block: Shield            |    50 |    76 |   217 |     9 ||   352
       Rpst.: Long sword |     4 |    18 |    32 |     1 ||    55
